[Event "FIDE WSCC 65 2022"]
[Site "Assisi"]
[Date "2022.11.22"]
[Round "7.1"]
[White "Nunn, John D M"]
[Black "Birnboim, Nathan"]
[Result "1-0"]
[ECO "B30"]
[WhiteElo "2580"]
[BlackElo "2361"]
[Annotator "TA"]
[PlyCount "57"]
[EventDate "2022.11.14"]
[EventType "swiss"]
[EventCountry "ITA"]
[SourceTitle "playchess.com"]
[Source "ChessBase"]
[SourceQuality "1"]
[TimeControl "40/5400+30:1800+30"]

1. e4 c5 2. Nf3 Nc6 3. Bb5 e6 4. O-O Nge7 5. c3 a6 6. Ba4 b5 7. Bc2 Bb7 8. Re1 d5 9. a4 {[%emt 0:02:14] B30: Sicilian: 2...Nc6 3 Bb5, lines without ...g6.} d4 10. cxd4 {[%emt 0:01:41] [#]} cxd4 $146 {[%emt 0:01:34] Threatens to win with ...d3.} ({Predecessor:} 10... Nxd4 11. Nxd4 cxd4 12. axb5 axb5 13. Rxa8 Bxa8 14. d3 Nc6 15. Na3 Qb6 16. Qg4 Bxa3 17. Qxg7 Rf8 18. bxa3 Qc5 19. Bh6 Qxa3 20. Rb1 {1-0 (20) Hoolt,S (2254)-Rudolf,S (2218) Playchess.com INT 2012}) 11. axb5 {[%emt 0:02:08] White has an edge.} axb5 12. Rxa8 Bxa8 13. Bd3 Qb6 14. Na3 Ng6 15. Bxb5 {[%emt 0:11:26] Hoping for Qa4.} (15. Nxb5 Bc5 $15) 15... Bxa3 16. Qa4 {[%emt 0:00:40] Prevents Bb4.} O-O 17. bxa3 Nge5 18. Nxe5 Nxe5 19. Bf1 ({Better is} 19. Qb3 $16) 19... Rb8 20. d3 Bc6 21. Qc2 Qa5 22. Bd2 Qxa3 23. Bf4 (23. f4 $5 Rb2 24. Qc1 $16) 23... Rc8 24. Bxe5 Qa5 25. Bxg7 Qxe1 26. Bh6 {[%emt 0:04:51] White threatens Qc5 and mate.} (26. Bxd4 Bd7 27. Qb2 Rc1) 26... Bd7 $1 27. Qb2 {[%emt 0:00:18] Qa3 is the strong threat.} e5 $2 {[%emt 0:00:36][%mdl 8192] [#]} (27... Qc3 $11 28. Qe2 e5) 28. Qb6 $1 $18 {[%emt 0:01:28] Qf6 would kill now.} Be6 {[%emt 0:00:44] [#]} 29. Qb5 $1 {[%emt 0:01:30] Weighted Error Value: White=0.07 (flawless) /Black=0.10 (very precise)} 1-0

[Event "FIDE WSCC 65 2022"]
[Site "Assisi"]
[Date "2022.11.22"]
[Round "7.2"]
[White "Maryasin, Boris"]
[Black "Jansa, Vlastimil"]
[Result "1/2-1/2"]
[ECO "B46"]
[WhiteElo "2258"]
[BlackElo "2390"]
[Annotator "TA"]
[PlyCount "54"]
[EventDate "2022.11.14"]
[EventType "swiss"]
[EventCountry "ITA"]
[SourceTitle "playchess.com"]
[Source "ChessBase"]
[SourceQuality "1"]
[TimeControl "40/5400+30:1800+30"]

1. e4 c5 2. Nf3 e6 3. d4 cxd4 4. Nxd4 Nc6 5. Nc3 a6 6. Nxc6 bxc6 7. Bd3 d5 8. O-O Nf6 9. Re1 Be7 10. e5 Nd7 11. Qg4 Kf8 $1 12. Na4 {[%emt 0:01:49] B46: Sicilian: Taimanov: 5 Nc3 a6.} c5 13. b3 Bb7 14. c4 d4 15. Bf4 h5 16. Qe2 {[%emt 0:02:08] [#]} Qc7 $146 ({Predecessor:} 16... g6 17. Rad1 Kg7 18. Be4 Qc7 19. h3 Rab8 20. Nb2 a5 21. Bxb7 Rxb7 22. g3 Qc6 {½-½ (32) Martic,I (2364)-Cvetkovic,S (2351) Belgrade 2015}) 17. Be4 g6 18. Nb2 a5 19. Qd2 Kg7 20. Bxb7 Qxb7 21. Bg5 Bxg5 22. Qxg5 h4 23. h3 Rae8 24. Nd3 {[%emt 0:01:41] The position is equal.} Rh5 25. Qd2 Ra8 26. Rab1 Qc7 27. f4 Rf5 {[%emt 0:25:36] A balanced but interesting game.  Weighted Error Value: White=0.04 (flawless) /Black=0.03 (flawless)} 1/2-1/2

[Event "FIDE WSCC 65 2022"]
[Site "Assisi"]
[Date "2022.11.22"]
[Round "7.3"]
[White "Fernandez Garcia, Jose Luis"]
[Black "Hebert, Jean"]
[Result "1/2-1/2"]
[ECO "C01"]
[WhiteElo "2358"]
[BlackElo "2333"]
[Annotator "TA"]
[PlyCount "74"]
[EventDate "2022.11.14"]
[EventType "swiss"]
[EventCountry "ITA"]
[SourceTitle "playchess.com"]
[Source "ChessBase"]
[SourceQuality "1"]
[TimeControl "40/5400+30:1800+30"]

1. e4 e6 2. Nf3 d5 3. exd5 exd5 4. d4 Nc6 5. Bb5 Bd6 6. O-O Nge7 7. c4 dxc4 8. Bxc4 O-O 9. h3 {[%emt 0:00:30] Prevents Bg4. 9.h3 is better than 9.Nc3. C01: French: Exchange Variation.} Bf5 10. Nc3 a6 11. d5 Ne5 12. Nxe5 Bxe5 {[%emt 0:00:30] [#]} 13. Re1 $146 ({Predecessor:} 13. f4 Bf6 14. g4 Qd6 15. Qe2 b5 16. Bb3 b4 17. Ne4 Bd4+ 18. Nf2 Bd7 19. Rd1 {0-1 (80) Gordon,V (2149)-Romanova,I (2242) Kharkov 2005}) 13... Bd6 (13... Ng6 $5 ) 14. Qf3 {[%emt 0:00:30][%cal Oe1e7] Rxe7! is the strong threat.} Qd7 15. Bf4 Bxf4 16. Qxf4 Nc8 17. Rad1 Nd6 18. Bd3 Rfe8 19. Bxf5 Qxf5 20. Qxf5 Nxf5 21. Ne4 Kf8 22. g4 Nd6 23. Nxd6 cxd6 24. Rxe8+ Kxe8 $11 {[%emt 0:00:30][%mdl 4096] Endgame KR-KR} 25. Rc1 Kd7 {[%emt 0:00:30] Prevents Rc7+.} 26. Rc3 Re8 27. Rb3 Kc7 28. Rc3+ Kb8 29. Kg2 (29. Re3 $11 Re5 30. Kg2) 29... Re2 $17 30. Re3 Rxb2 31. Re7 (31. Re8+ $17 {was necessary.} Ka7 32. a3) 31... Rxa2 32. Rxf7 b5 $2 ({Better is} 32... Rc2 $19 33. Rxg7 Rc7 34. Rxc7 Kxc7) 33. Rxg7 $11 {[%emt 0:00:30] The position is equal.} b4 34. Rxh7 {[%emt 0:00:30] [#] Black must now prevent g5.} b3 {[%emt 0:00:30] aiming for ...Rc2.} 35. Rh8+ Kc7 36. Rh7+ Kb6 37. Rh8 {[%emt 0:00:30] Hoping for Rb8+.} Kc7 {[%emt 0:00:30] Against Rb8.   Weighted Error Value: White=0.10 (very precise) /Black=0.10 (very precise)} 1/2-1/2

[Event "FIDE WSCC 65 2022"]
[Site "Assisi"]
[Date "2022.11.22"]
[Round "7.4"]
[White "Mojzis, Jaroslav"]
[Black "Kristiansen, Jens"]
[Result "0-1"]
[ECO "A87"]
[WhiteElo "2094"]
[BlackElo "2353"]
[Annotator "TA"]
[PlyCount "100"]
[EventDate "2022.11.14"]
[EventType "swiss"]
[EventCountry "ITA"]
[SourceTitle "playchess.com"]
[Source "ChessBase"]
[SourceQuality "1"]
[TimeControl "40/5400+30:1800+30"]

1. Nf3 g6 2. g3 Bg7 3. d4 f5 4. Bg2 Nf6 5. O-O O-O 6. c4 d6 7. Nc3 e6 {[%emt 0:00:19] 7...c6 is a critical line.} 8. Re1 Ne4 {[%emt 0:03:21] A87: Dutch Defence: Leningrad System: 5 Nf3.} 9. Qc2 Nxc3 10. bxc3 e5 {[%emt 0:02:39] White is slightly better.} 11. dxe5 dxe5 12. Ba3 Re8 13. Rad1 (13. e4 $1 $11) 13... Qf6 $1 $15 {[%emt 0:00:34] [#]} 14. e3 $146 ({Predecessor:} 14. Qa4 Nc6 15. Rb1 Rd8 16. h4 h6 17. Red1 Rxd1+ 18. Rxd1 Be6 19. Qb5 Rb8 20. Bc5 {½-½ (78) Mamedjarova,T (2264)-Lach,A (2198) Warsaw 2021}) 14... Nc6 15. c5 Be6 16. c4 (16. e4 $15 {deserves consideration.}) 16... Rad8 $17 17. Rxd8 Rxd8 ({Much weaker is} 17... Nxd8 $6 18. Bb2 $11) 18. Rb1 e4 19. Bb2 Qe7 {[%emt 0:00:16] aiming for ...Bxb2.} 20. Nd2 Nb4 21. Qb3 {[%emt 0:06:29] Strongly threatening Bxg7.} Nd3 {[%emt 0:06:18] Black is much more active.} ({Reject} 21... Rxd2 $6 22. Bxg7 Qxg7 23. Qxb4 Rxa2 24. Qxb7 $11) 22. Bxg7 Nxc5 {[%emt 0:03:54][%mdl 64] [#] Discovered Attack} 23. Qb4 (23. Qa3 $1 $15 Kxg7 24. Nb3) 23... Kxg7 24. Nb3 b6 25. Nxc5 Qxc5 ({Not} 25... bxc5 26. Qa3 $15) 26. Qxc5 bxc5 {[%emt 0:00:07][%mdl 4096] Endgame KRB-KRB} 27. Bf1 Kf6 28. Rb7 Rd1 29. Kg2 a5 30. Ra7 ({White should try} 30. Rxc7 $15 Ra1 31. Rxc5) 30... Rc1 31. Rxa5 Bxc4 32. Bxc4 Rxc4 {[%emt 0:00:05] KR-KR} 33. Ra7 c6 {[%emt 0:04:27] Hoping for ...Ke6.} 34. Rxh7 Ra4 35. Rc7 $2 {[%emt 0:00:15] [#] Loses the game.} (35. h4 $17 {is the only way for White.}) 35... Ra6 $1 $19 36. a4 $2 (36. Rd7 Ke6 37. Rd2) 36... Ke5 {[%emt 0:00:48] Black is clearly winning.} 37. Kf1 c4 38. Ke2 (38. Rd7 $142 Rxa4 39. Rd4) 38... Kd5 39. Rd7+ Kc5 40. Rg7 Rxa4 41. Rxg6 Ra2+ 42. Ke1 c3 {[%emt 0:00:00] ( -> ...Ra1+)} 43. Kd1 Rd2+ 44. Kc1 Rxf2 45. h4 Kc4 46. Rxc6+ Kd3 47. Rd6+ Kxe3 48. Rc6 Kd4 49. h5 e3 50. Kd1 Rd2+ {[%emt 0:00:00] Weighted Error Value: White=0.63/Black=0.15 (very precise)} 0-1

[Event "FIDE WSCC 65 2022"]
[Site "Assisi"]
[Date "2022.11.22"]
[Round "7.5"]
[White "Werner, Clemens"]
[Black "Vaisser, Anatoly"]
[Result "1/2-1/2"]
[ECO "B21"]
[WhiteElo "2236"]
[BlackElo "2463"]
[Annotator "TA"]
[PlyCount "99"]
[EventDate "2022.11.14"]
[EventType "swiss"]
[EventCountry "ITA"]
[SourceTitle "playchess.com"]
[Source "ChessBase"]
[SourceQuality "1"]
[TimeControl "40/5400+30:1800+30"]

1. e4 c5 2. Be2 Nc6 3. f4 e6 4. Nf3 d5 5. d3 g6 6. O-O {[%emt 0:00:27] B21: Sicilian: 2 f4 and Morra Gambit.} Bg7 7. c3 Nge7 8. Na3 {[%emt 0:01:05] 8.Be3 deserves study.} O-O 9. Qe1 a6 10. Nc2 (10. Qf2 $5 ) 10... b5 11. e5 f6 {[%emt 0:06:10][%cal Rf6e5] [#]} 12. d4 $146 ({Predecessor:} 12. exf6 Bxf6 13. Ne3 e5 14. fxe5 Nxe5 15. Nxe5 Bxe5 16. Ng4 Rxf1+ 17. Qxf1 Bxg4 18. Bxg4 Qd6 19. g3 Rf8 20. Qg2 a5 21. Bh6 Bg7 22. Bf4 Be5 23. Bh6 Bg7 {½-½ (23) Al Huwar,J (2356)-Adnan,A (2142) Abu Dhabi 2000}) 12... cxd4 13. cxd4 ({Don't play} 13. exf6 Bxf6 14. Nfxd4 Bxd4+ 15. Nxd4 Nxd4 16. cxd4 Nf5 $11) 13... Bd7 14. Be3 Rc8 15. Rc1 Qa5 16. Qxa5 Nxa5 17. b3 {[%emt 0:01:20] Against Nc4} Nac6 {[%emt 0:04:43] Inhibits Nb4.} 18. exf6 Bxf6 19. g4 {[%emt 0:00:59] Inhibits Nf5.} Rfd8 20. Rfd1 Bg7 21. a3 ({Better is} 21. Kf2 $16) 21... Na5 $11 22. Na1 Bf8 23. Rxc8 Nxc8 24. Bd2 Nc6 25. b4 Nd6 26. Nb3 Nc4 27. Bc1 a5 28. Nxa5 N6xa5 29. bxa5 Ra8 30. Ne5 {[%emt 0:08:53] The position is equal.} Nxe5 31. fxe5 Rxa5 32. Rd3 Ra4 33. Bb2 b4 34. Bd1 $1 Ra7 ({Much less strong is} 34... bxa3 35. Bxa4 axb2 36. Bc2 $16) 35. axb4 Bxb4 36. Rb3 Bd2 37. Kf2 Kg7 38. h3 Kh6 39. Rd3 Bf4 40. Kf3 g5 41. Ra3 {[%emt 0:31:14] Against Ra2} Rb7 42. Rb3 Rc7 {[%emt 0:00:15] [#] Hoping for ...Ba4.} 43. Rc3 Rc4 44. Be2 Rxd4 45. Rc7 Rb4 46. Bc3 Re4 47. Rxd7 Re3+ 48. Kf2 Rxc3 49. Re7 Bg3+ 50. Kg2 {[%emt 0:00:00] Weighted Error Value: White=0.06 (flawless) /Black=0.06 (flawless)} 1/2-1/2

[Event "FIDE WSCC 65 2022"]
[Site "Assisi"]
[Date "2022.11.22"]
[Round "7.6"]
[White "Knaak, Rainer"]
[Black "Shnaider, David"]
[Result "1-0"]
[ECO "A44"]
[WhiteElo "2457"]
[BlackElo "2225"]
[Annotator "TA"]
[PlyCount "87"]
[EventDate "2022.11.14"]
[EventType "swiss"]
[EventCountry "ITA"]
[SourceTitle "playchess.com"]
[Source "ChessBase"]
[SourceQuality "1"]
[TimeControl "40/5400+30:1800+30"]

1. d4 c5 2. d5 e5 3. e4 d6 4. Nc3 a6 5. a4 Be7 6. Bd3 {[%emt 0:06:29] A44: Semi-Benoni.} Bg5 {[%emt 0:00:22] [#]} 7. Bxg5 $146 ({Predecessor:} 7. Nf3 Bxc1 8. Qxc1 Ne7 9. O-O O-O 10. h3 h6 11. a5 Ng6 12. Kh2 Nf4 13. Ne2 Nxe2 14. Bxe2 {0-1 (52) Melikhov,E (2292)-Pinheiro,I (2320) Chess.com INT 2022}) 7... Qxg5 8. Nf3 (8. Qf3 $16) 8... Qe7 (8... Qxg2 $11 {remains equal.} 9. Rg1 Qh3) 9. Nd2 $16 {[%emt 0:00:27] Black is now going downhill.} Nf6 10. Nc4 Nbd7 {[%emt 0:00:06] Inhibits Nb6.} 11. a5 O-O 12. O-O g6 13. Qd2 Nh5 14. g3 {[%emt 0:00:21] White is much more active. The black rooks are badly placed.} f5 (14... Ndf6 $16 15. f3 Bh3) 15. exf5 $18 gxf5 16. Qh6 Ndf6 17. Nb6 Bd7 18. Nxa8 Rxa8 19. Be2 Ng7 20. f4 Kh8 21. fxe5 dxe5 22. Rad1 Qd6 23. g4 Rg8 24. Kh1 f4 25. Bd3 {[%emt 0:07:40][%cal Od3h7] [#] Threatens to win with Bxh7!} ({Resist} 25. g5 Nfe8 26. Ne4 Qxh6 27. gxh6 Nf5 28. Nxc5 Bc8 $18) 25... Nge8 26. g5 c4 27. Be4 ({Not} 27. gxf6 cxd3 28. Rg1 (28. cxd3 Rg6 $11) 28... Rxg1+ 29. Rxg1 Qxf6 30. Qxf6+ Nxf6 $18) (27. Bxc4 Ng4 28. Qxd6 Nxd6 $16) (27. Rg1 $142 cxd3 28. gxf6 Rxg1+ 29. Rxg1 Qxf6 30. Qxf6+ Nxf6 31. cxd3) 27... Nxe4 28. Nxe4 $40 {[%emt 0:00:04][%mdl 128] Black is in trouble. Chess con chili.} Qxh6 (28... Qe7 {is a better defense.} 29. Rde1 Rg6) 29. gxh6 Rg6 30. Rg1 Rxh6 31. Rg5 {[%emt 0:00:09] Against Bf5} Ng7 32. Rxe5 Nf5 33. Rg1 {[%emt 0:02:35] [#] aiming for Nc5.} Nh4 {[%emt 0:06:00] Hoping for ...Nf3.} 34. Re7 Ba4 35. Rf7 Ng6 {[%emt 0:00:12] Against Rf8+} 36. d6 {[%emt 0:00:25] And now d7 would win.} Bc6 37. d7 Bxe4+ 38. Rg2 Kg8 39. Rf6 Bxg2+ 40. Kg1 Bc6 41. d8=Q+ Kg7 42. Qd4 {[%emt 0:00:00][%csl LRc4,LRc6,LRf4] White wants to mate with Rxc6+.} Kg8 43. Qxc4+ Kg7 44. Rf7+ {[%emt 0:00:00] Weighted Error Value: White=0.22 (precise) /Black=0.63} 1-0

[Event "FIDE WSCC 65 2022"]
[Site "Assisi"]
[Date "2022.11.22"]
[Round "7.7"]
[White "Legky, Nikolay A"]
[Black "Koehler, Gerhard"]
[Result "1-0"]
[ECO "A69"]
[WhiteElo "2350"]
[BlackElo "2198"]
[Annotator "TA"]
[PlyCount "45"]
[EventDate "2022.11.14"]
[EventType "swiss"]
[EventCountry "ITA"]
[SourceTitle "playchess.com"]
[Source "ChessBase"]
[SourceQuality "1"]
[TimeControl "40/5400+30:1800+30"]

1. d4 Nf6 2. c4 d6 3. Nc3 g6 4. e4 Bg7 5. f4 c5 6. d5 O-O 7. Nf3 e6 8. Be2 exd5 9. cxd5 Re8 10. e5 dxe5 11. fxe5 Ng4 12. e6 fxe6 {[%emt 0:00:46] A69: Modern Benoni: Four Pawns Attack with 9...Re8.} 13. d6 Bd7 {[%emt 0:21:28] has lost popularity (13...Nc6).} 14. O-O c4 {[%emt 0:02:39] The position is equal.} 15. Kh1 Qb6 {[%emt 0:02:01] [#]} (15... Nc6 $11 {keeps the balance.}) 16. Qe1 $1 $16 {[%emt 0:26:40] [#] aiming for Qh4.} Ne3 $146 ({Predecessor:} 16... Nc6 17. Qh4 Nge5 18. Ng5 h6 19. Nge4 h5 20. Bxh5 Rf8 21. Bf3 Nxf3 22. gxf3 Ne5 {1-0 (31) Ferrara,E (2189)-Meza,A (2034) Tacuari 2018}) 17. Bxe3 Qxe3 18. Bxc4 Qf4 (18... Qxe1 $16 19. Raxe1 Na6) 19. Ne4 $18 {[%emt 0:18:49] Nfg5 is the strong threat. White is clearly winning.} Nc6 20. Nfg5 Qe5 21. Qh4 h5 22. Nf7 {[%emt 0:04:23] Pair of Knights!} ({Less strong is} 22. Qf2 Rf8 23. Qg3 Rxf1+ 24. Rxf1 Rf8 $14) 22... Qd4 {[%emt 0:00:58] [#]} 23. Rad1 $1 {[%emt 0:04:22] Black did not feel at home in the position after the opening.  Weighted Error Value: White=0.00 (flawless) /Black=0.91} 1-0

[Event "FIDE WSCC 65 2022"]
[Site "Assisi"]
[Date "2022.11.22"]
[Round "7.8"]
[White "Bogdanov, Valentin"]
[Black "Lederman, Leon"]
[Result "1-0"]
[ECO "D20"]
[WhiteElo "2323"]
[BlackElo "2215"]
[Annotator "TA"]
[PlyCount "76"]
[EventDate "2022.11.14"]
[EventType "swiss"]
[EventCountry "ITA"]
[SourceTitle "playchess.com"]
[Source "ChessBase"]
[SourceQuality "1"]
[TimeControl "40/5400+30:1800+30"]

1. d4 d5 2. c4 dxc4 3. e4 e5 4. Nf3 exd4 5. Bxc4 Bb4+ 6. Nbd2 Nc6 7. O-O Nf6 8. a3 Bxd2 {[%emt 0:05:52] has lost popularity (8...Be7).} 9. Bxd2 O-O {[%emt 0:00:28] D20: Queen's Gambit Accepted: 3 e3 and 3 e4.} 10. Re1 Bg4 $1 11. e5 {[%emt 0:05:23] [#]} Nd5 $146 (11... Nd7 $15 12. Bf4 Nc5) ({Predecessor:} 11... Nd7 12. Bf4 Nc5 13. b4 Ne6 14. Bd2 d3 15. Re3 Ncd4 16. Qf1 Bxf3 17. gxf3 Qg5+ 18. Kh1 Nxf3 19. Bc3 Qf4 20. Qg2 Qxc4 {0-1 (20) Wickstrom,L (2237)-Svensson,B (2385) Sweden 2012}) 12. Qe2 (12. h3 $142 $1 Nb6 13. Bxf7+ Rxf7 14. hxg4) 12... Qd7 (12... Nb6 $142 13. Bd3 Re8) 13. Qe4 (13. h3 $5 Bf5 14. Nh4 $11) 13... Bxf3 (13... Nde7 $11) 14. Qxf3 $14 Nce7 15. Bd3 ({White should play} 15. Qe4 $14) 15... Rae8 (15... g6 $11 {was preferrable.}) 16. Qe4 $40 {[%emt 0:04:18][%csl Gd3,LRd4,LRh7][%cal Re4h7][%mdl 128] White has strong attack.} f5 (16... Ng6 $16 {is a better defense.}) 17. exf6 $1 $18 ({Inferior is} 17. Qxd4 Nc6 18. Qa4 Rxe5 $11) 17... Nxf6 18. Qxb7 Rb8 19. Qxa7 Rxb2 20. Rxe7 $2 Qxe7 $14 21. Qxd4 (21. Bb4 $5 Rxb4 22. axb4 $14) 21... Rxd2 (21... Rbb8 $11 {keeps the balance.}) 22. Bc4+ $16 {[%emt 0:00:18][%mdl 64] Discovered Attack} Kh8 23. Qxd2 Ng4 {[%emt 0:04:33] aiming for ...Qe5.} 24. Qe2 ({White should try} 24. Qd4 $1 $16 Qg5 25. Rf1) 24... Qf6 {[%emt 0:07:55] [#]} (24... Qh4 $14 25. h3 Ne5) 25. Rf1 $1 Ne5 26. Bd5 Qd6 (26... c6 $16 {keeps fighting.}) 27. Be4 c5 (27... g6 $142 28. Qb2 Qf6) 28. a4 c4 29. Rd1 {[%emt 0:03:49] Prevents Nd3.} Qc7 30. h3 g6 (30... h6 $142 31. Rd5 Re8) 31. Rd5 Rd8 (31... Nd3 $142 32. Bxd3 cxd3 33. Rxd3 Qc1+ 34. Rd1 Qc3) 32. Qd2 $18 Rxd5 (32... Re8 $142 33. Qd4 Kg8) 33. Qxd5 {[%emt 0:00:18][%mdl 4096] Endgame KQB-KQN} ({Weaker is} 33. Bxd5 Qc5 $16) 33... Kg7 34. a5 c3 35. a6 {[%emt 0:00:24] Qd4 is the strong threat.} Nd7 36. Qd4+ Kh6 37. a7 Nb6 {[%emt 0:00:05] [#]} 38. Qxb6 $3 Qd8 {[%emt 0:02:19] Weighted Error Value: White=0.44/Black=0.60} (38... Qxb6 39. a8=Q) 1-0

[Event "FIDE WSCC 65 2022"]
[Site "Assisi"]
[Date "2022.11.22"]
[Round "7.9"]
[White "Jurek, Josef"]
[Black "Renman, Nils-Gustaf"]
[Result "1/2-1/2"]
[ECO "A13"]
[WhiteElo "2211"]
[BlackElo "2320"]
[Annotator "TA"]
[PlyCount "71"]
[EventDate "2022.11.14"]
[EventType "swiss"]
[EventCountry "ITA"]
[SourceTitle "playchess.com"]
[Source "ChessBase"]
[SourceQuality "1"]
[TimeControl "40/5400+30:1800+30"]

1. Nf3 d5 2. e3 Nf6 3. c4 e6 4. b3 c5 5. Bb2 Nc6 6. cxd5 exd5 7. d4 cxd4 {[%emt 0:03:08] A13: English Opening: 1...e6.} 8. Nxd4 Bb4+ 9. Nc3 (9. Bc3 $11) 9... Ne4 {[%emt 0:01:52] Black is slightly better.} 10. Rc1 {[%emt 0:00:58] [#]} Qf6 $146 ({Predecessor:} 10... Qa5 11. Nxc6 bxc6 12. Qd4 Qxa2 13. Bd3 Qxb2 14. Bxe4 Qxc1+ 15. Ke2 Qxc3 16. Qxc3 Bxc3 17. Bd3 {0-1 (17) Brunello,S (2553)-Heberla,B (2555) Katowice 2017}) 11. Qf3 Qg6 12. h4 $2 (12. Nxc6 $15 Qxc6 13. Qf4) 12... Bg4 $19 13. Qf4 Nxc3 $2 (13... Nxd4 $1 $19 14. exd4 O-O) 14. Nxc6 $11 bxc6 15. Qe5+ $1 Kd7 16. Bxc3 Ba3 17. Bb2 (17. h5 $14 {was preferrable.} f6 18. Qd4) 17... Rhe8 {[%emt 0:00:15] [#]} (17... Bb4+ $1 $11 {keeps the balance.} 18. Bc3 Rhe8) 18. Qd4 {[%emt 0:07:32] Chess con chili.} ({White should try} 18. Qc3 $1 $16 Bxb2 19. Qxb2) 18... Bxb2 (18... Re4 $5 19. Qd2 Bb4 $11) 19. Qxb2 Bf5 20. h5 Qg5 21. Qd4 Re6 22. Rh4 Be4 (22... Qf6 $16) 23. g3 (23. Rf4 $18) 23... Qe5 {[%emt 0:00:05] [#]} (23... Ke8 $16 {was called for.}) 24. Kd2 $2 (24. Bh3 $1 $18 {Strongly threatening Qxe5.} f5 25. Qxe5 Rxe5 26. Ke2) 24... Qxd4+ 25. exd4 Kd6 26. Rf4 {[%emt 0:01:30] aiming for f3.} Rf8 27. f3 g5 28. hxg6 $1 Bxg6 29. Bh3 f5 30. Bf1 a5 31. Bd3 (31. Rc5 $5 ) 31... Rb8 32. Bxf5 Bxf5 33. Rxf5 Rbe8 34. Re5 (34. Rc2 $14) 34... Rxe5 35. dxe5+ Rxe5 36. g4 {[%emt 0:00:57] Inhibits Rh5. Quite a comeback for White.  Weighted Error Value: White=0.41/Black=0.39} 1/2-1/2

[Event "FIDE WSCC 65 2022"]
[Site "Assisi"]
[Date "2022.11.22"]
[Round "7.10"]
[White "Binham, Timothy F."]
[Black "Bergstrom, Rolf"]
[Result "0-1"]
[ECO "B07"]
[WhiteElo "2284"]
[BlackElo "2166"]
[Annotator "TA"]
[PlyCount "80"]
[EventDate "2022.11.14"]
[EventType "swiss"]
[EventCountry "ITA"]
[SourceTitle "playchess.com"]
[Source "ChessBase"]
[SourceQuality "1"]
[TimeControl "40/5400+30:1800+30"]

1. e4 d6 2. d4 Nf6 3. Nc3 e5 4. Nge2 Be7 5. h3 h5 6. g3 {[%emt 0:01:35] B07: Pirc Defence: Miscellaneous Systems.} Nbd7 7. Bg2 c6 8. a4 {[%emt 0:01:51] White has an edge.} b6 9. O-O a6 10. Be3 O-O 11. f4 Qc7 12. Qe1 Bb7 13. Qf2 b5 {[%emt 0:00:42] [#]} 14. b4 $146 ({Predecessor:} 14. dxe5 dxe5 15. f5 b4 16. Nb1 c5 17. Nd2 c4 18. c3 Nc5 19. cxb4 Nd3 20. Qf3 Bxb4 {0-1 (38) Wieczorek,O (2463)-Moranda,W (2593) Wroclaw 2017}) 14... Rfe8 (14... a5 {seems wilder.} 15. axb5 axb4 16. b6 Qb8) 15. Rab1 Bf8 16. fxe5 dxe5 17. Bg5 {[%emt 0:04:04] Black continues to play with concentration.} (17. axb5 $15 axb5 18. d5) 17... a5 $17 18. axb5 axb4 19. bxc6 Bxc6 20. Nd5 Bxd5 21. exd5 Qxc2 22. Rfc1 Qg6 23. Bxf6 Qxf6 ({And not} 23... gxf6 24. Rb2 $17) 24. Rc7 (24. Qxf6 $17 Nxf6 25. d6) 24... Rad8 25. Qxf6 Nxf6 26. dxe5 Rxe5 27. Nf4 Re3 28. Kf2 {[%emt 0:01:31] [#]} Ra3 29. Bf3 h4 30. gxh4 Bd6 31. Rc4 Re8 32. Rb2 Kh7 33. h5 $2 (33. Nh5) 33... Ree3 $19 34. Bg2 Rec3 35. Rcxb4 Bxb4 (35... Bc5+ $142 36. Ke1 Bxb4 37. Rxb4 Ra2) 36. Rxb4 Ra2+ 37. Kg1 $2 (37. Ne2) 37... Rc1+ {[%emt 0:03:22] Black is clearly winning.} 38. Kh2 Rcc2 {[%emt 0:00:36][%cal Of6d5] Hoping for ...Nxd5!} 39. Kg1 (39. h4 $142) 39... Kh6 {[%emt 0:01:26][%cal Of6d5] White must now prevent ...Nxd5!} 40. d6 {[%emt 0:02:43] [#]} Rd2 {[%emt 0:02:45] Weighted Error Value: White=0.50/Black=0.24 (precise)} (40... Nd5 $142 $1 41. d7 Nxf4) 0-1